 Dungeon Crawl Stone Soup version 0.27-a0-1434-g6f15984924 (webtiles) character file.

Game seed: 5374099954617354155

1643 tatocazan the Skirmisher (level 8, -4/73 HPs)
             Began as a Minotaur Fighter on July 4, 2021.
             Was an Elder of Uskayaw.
             Killed from afar by an orc wizard (5 damage)
             ... with a magic dart
             ... on level 7 of the Dungeon.
             The game lasted 00:07:08 (6782 turns).

tatocazan the Skirmisher (Minotaur Fighter)         Turns: 6782, Time: 00:07:08

Health: -4/73      AC: 10    Str: 23    XL:     8   Next: 67%
Magic:  7/7        EV:  8    Int:  5    God:    Uskayaw [****..]
Gold:   139        SH:  0    Dex: 10    Spells: 7/7 levels left

rFire    . . .     SeeInvis .   a - +0 war axe
rCold    . . .     Faith    .   c - +0 kite shield
rNeg     . . .     Spirit   .   b - +0 scale mail
rPois    .         Reflect  .   (helmet restricted)
rElec    .         Harm     .   p - +0 cloak
rCorr    .         Rampage  .   i - +0 pair of gloves
Will     .....                  (no boots)
Stlth    ..........             h - amulet of the acrobat
HPRegen  0.22/turn              (no ring)
MPRegen  0.10/turn              (no ring)

@: confused, brilliant, flying, slowed, very slow
A: horns 2, retaliatory headbutt
a: Renounce Religion, Stomp, Line Pass


You were on level 7 of the Dungeon.
You worshipped Uskayaw.
Uskayaw was noncommittal.
You visited 2 branches of the dungeon, and saw 8 of its levels.

You collected 139 gold pieces.

Inventory:

Hand Weapons
 a - a +0 war axe (weapon)
Missiles
 n - 7 javelins (quivered)
 v - a curare-tipped dart
Armour
 b - a +0 scale mail (worn)
 c - a +0 kite shield (worn)
 i - a +0 pair of gloves (worn)
 p - a +0 cloak (worn)
Jewellery
 h - an amulet of the acrobat (around neck)
 q - an amulet of guardian spirit
 r - a ring of ice
 u - a ring of flight
Wands
 g - a wand of iceblast (5)
Scrolls
 d - a scroll of holy word {unknown}
 f - a scroll of blinking {unknown}
 k - 3 scrolls of identify {unknown}
 l - a scroll of teleportation {unknown}
 m - a scroll of brand weapon {unknown}
 o - a scroll of enchant weapon {unknown}
Potions
 s - a potion of lignification {unknown}
 t - a potion of attraction {unknown}


   Skills:
 + Level 7.6 Fighting
 + Level 7.0 Axes
 + Level 7.5 Armour
 + Level 7.5 Shields


You had 7 spell levels left.
You didn't know any spells.
Your spell library contained the following spells:

 Spells                   Type           Power      Damage    Failure   Level
 Passwall                 Tmut/Erth      0%         N/A       99%         2
 Conjure Flame            Conj/Fire      0%         6-21      100%        3
 Dazzling Flash           Conj/Hex       0%         N/A       100%        3
 Ignite Poison            Fire/Tmut/Pois 0%         N/A       100%        3
 Swiftness                Air            0%         N/A       100%        3
 Cause Fear               Hex            0%         N/A       100%        4
 Sticky Flame             Conj/Fire      0%         2d3       100%        4
 Agony                    Necr           0%         N/A       100%        5
 Silence                  Hex/Air        0%         N/A       100%        5
 Invisibility             Hex            0%         N/A       100%        6
 Dragon Form              Tmut           0%         N/A       100%        7
 Dragon's Call            Summ           0%         N/A       100%        9


Dungeon Overview and Level Annotations

Branches:
Dungeon (7/15)             Temple (1/1) D:4

Altars:
Cheibriados
Dithmenos
Fedhas
Okawaru
Qazlal
Ru
Uskayaw
Wu Jian
Xom
Yredelemnul
The Shining One


Innate Abilities, Weirdness & Mutations

You have a pair of horns on your head.
You reflexively headbutt those who attack you in melee.


Message History

You hit the orc warrior.
The orc warrior is lightly wounded.
You hit the orc.
You kill the orc!
You block the orc warrior's attack.
You hear some strange, mumbled words.
You are confused.
Uskayaw will force your foes to share their pain.
Uskayaw links your audience in an emotional bond!
You bump into the rock wall.
The hornet closely misses you. The orc warrior barely misses you.
The hornet stings you.
You feel yourself slow down. Something hits you but does no damage.
You take 2 damage, and have 33/73 hp.
You are too confused!
It was a potion of flight.
You feel very buoyant.
You fly up into the air.
You feel yourself speed up.
The orc warrior is no longer sharing its pain.
The hornet stings you but does no damage.
The orc warrior barely misses you. The hornet stings you!
You feel yourself slow down. Something hits you.
The orc warrior hits you with a +0 dire flail.
* * * LOW HITPOINT WARNING * * *
You take 14 damage, and have 19/73 hp.
It was a potion of brilliance.
You feel clever all of a sudden.
The hornet is no longer sharing its pain.
The hornet stings you!
* * * LOW HITPOINT WARNING * * *
You feel as though you will be slow longer.
Something hits you.
* * * LOW HITPOINT WARNING * * *
The hornet stings you but does no damage.
The orc warrior hits you with a +0 dire flail!
* * * LOW HITPOINT WARNING * * *
You hear some strange, mumbled words.
A magic dart appears from out of thin air!
The magic dart hits you.
You die...

#.. .. .......
F. ....... .
....... .#
.......###.#
.......#<..#
.......#o###
.....<.{@#
.......y##
.......))...y..
...:..##......#
.....# ####..#
..:.. .# ...#
... .#


You could see a hornet, an orc warrior and a bullfrog (wandering).

Vanquished Creatures
  Grinder (D:4)
  A wraith (D:6)
  An ice beast (D:6)
  2 sky beasts (D:6)
  An ogre (D:5)
  A centaur (D:6)
  A phantom (D:4)
  2 kobold brigands (D:6)
  A bullfrog (D:6)
  A water moccasin zombie (D:6)
  A wight (D:6)
  A howler monkey (D:5)
  A hound (D:6)
  4 orc priests
  2 iguanas (D:6)
  2 orc wizards
  5 gnolls
  3 adders
  2 white imps
  An adder skeleton (D:4)
  3 worms
  A dart slug (D:3)
  10 orcs
  3 bats
  An endoplasm (D:2)
  4 giant cockroaches
  6 goblins
  3 hobgoblins
  12 jackals
  6 quokkas
  5 ball pythons
  4 frilled lizards
  17 kobolds
  6 rats
115 creatures vanquished.

Notes
Turn   | Place    | Note
-------+----------+-------------------------------------------
     0 | D:1      | tatocazan the Minotaur Fighter began the quest for the Orb.
     0 | D:1      | Reached XP level 1. HP: 19/19 MP: 0/0
   199 | D:1      | Reached XP level 2. HP: 22/27 MP: 1/1
   658 | D:1      | Reached XP level 3. HP: 33/33 MP: 2/2
  1306 | D:2      | Found a faded altar of an unknown god.
  1638 | D:2      | Reached XP level 4. HP: 41/41 MP: 3/3
  2022 | D:3      | Found a shadowy altar of Dithmenos.
  2974 | D:4      | Found a staircase to the Ecumenical Temple.
  3029 | Temple   | Entered the Ecumenical Temple
  3114 | Temple   | Became a worshipper of Uskayaw the Reveller
  3338 | D:4      | Noticed a phantom
  3341 | D:4      | Reached * piety under Uskayaw
  3342 | D:4      | Reached ** piety under Uskayaw
  3349 | D:4      | Reached *** piety under Uskayaw
  3350 | D:4      | Killed a phantom
  3351 | D:4      | Reached XP level 5. HP: 29/47 MP: 4/4
  3365 | D:4      | Reached **** piety under Uskayaw
  3956 | D:4      | Noticed Grinder
  3973 | D:4      | Paralysed by Grinder for 2 turns
  3977 | D:4      | Paralysed by Grinder for 5 turns
  3989 | D:4      | Paralysed by Grinder for 3 turns
  3992 | D:4      | Killed Grinder
  3993 | D:4      | Reached skill level 5 in Fighting
  3993 | D:4      | Reached skill level 5 in Armour
  3993 | D:4      | Reached skill level 5 in Shields
  3993 | D:4      | Reached XP level 6. HP: 22/56 MP: 5/5
  4616 | D:5      | Entered Level 5 of the Dungeon
  4793 | D:5      | Reached skill level 5 in Axes
  5077 | D:5      | Reached XP level 7. HP: 54/62 MP: 6/6
  5481 | D:6      | Reached ***** piety under Uskayaw
  5622 | D:6      | Noticed a wraith
  5630 | D:6      | Killed a wraith
  5895 | D:6      | Reached XP level 8. HP: 71/71 MP: 7/7
  6775 | D:7      | Noticed a hornet
  6782 | D:7      | HP: 1/73 [orc warrior (7)]
  6782 | D:7      | Killed from afar by an orc wizard

Illustrated notes

Levels and vault maps discovered:
D:1:      saegor_arrival_under_anarchy, layout_basic,
          chequers_hall_statues_corner_a
D:2:      layout_loops_ring, hellmonk_ecumenical_altar_zigzags
D:3:      layout_loops_corners, grunt_dithmenos_smoke
D:4:      layout_basic, minmay_temple_entry_arrows, uniq_grinder
D:5:      layout_loops_ring
D:6:      layout_basic, minmay_checkerbox
D:7:      minmay_razor_zed, layout_rooms, serial_shops, kennysheep_little_box,
          grunt_ministairs_11, uniq_menkaure, uniq_maggie
Temple:   jpeg_temple_clearing

Skill      XL: |  1  2  3  4  5  6  7  8 |
---------------+-------------------------+-----
Fighting       | 4 5 6 7 |  7.6
Armour         | 4 5 6 7 |  7.5
Shields        | 4 5 6 7 |  7.5
Axes           | 3 4 5 6 7 |  7.0

Action                   |  1- 3 |  4- 6 |  7- 9 || total
-------------------------+-------+-------+-------++-------
Melee: War axe           |    92 |    83 |    98 ||   273
       Headbutt          |    10 |    17 |    15 ||    42
Throw: Javelin           |       |     2 |     3 ||     5
  Use: Potion            |       |     3 |     3 ||     6
 Stab: Paralysed         |       |     2 |    14 ||    16
Armor: Scale mail        |    49 |    32 |    70 ||   151
Dodge: Dodged            |    37 |    30 |    53 ||   120
Block: Kite shield       |    52 |    44 |    74 ||   170

Table legend: (Time is in decaauts)
 A = Elapsed time spent in this place.
 B = Non-inter-level travel time spent in this place.
 C = Inter-level travel time spent in this place.
 D = Time resting spent in this place.
 E = Time spent auto-exploring this place.
 F = Levels seen in this place.
 G = Mean time per level.
                   A        B        C        D        E       F      G
               +--------+--------+--------+--------+--------+-----+--------+
         Total |   6917 |   6650 |    267 |   1227 |   4697 |   8 |  864.6 |
       Dungeon |   6821 |   6586 |    235 |   1227 |   4636 |   7 |  974.4 |
        Temple |     95 |     63 |     32 |      0 |     61 |   1 |   95.0 |
               +--------+--------+--------+--------+--------+-----+--------+

Top non-repeatable levels by time:
     D:4: 1847 daAuts
     D:6: 1333 daAuts
     D:1: 1049 daAuts
     D:3: 919 daAuts
     D:5: 859 daAuts
     D:2: 795 daAuts
  Temple: 95 daAuts
     D:7: 16 daAuts
